 Dungeon Crawl Stone Soup version 0.21-a0-264-g3e31e41 (webtiles) character file.

681 rin1221 the Chopper (level 7, 0/57 HPs)
             Began as a Minotaur Fighter on Sept 9, 2017.
             Slain by a centaur (4 damage)
             ... on level 5 of the Dungeon.
             The game lasted 00:09:16 (3909 turns).

rin1221 the Chopper (Minotaur Fighter)              Turns: 3909, Time: 00:09:16

Health: 0/57       AC:  7    Str: 20    XL:     7   Next: 34%
Magic:  6/6        EV:  9    Int:  7    God:
Gold:   174        SH: 10    Dex: 10    Spells: 6/6 levels left

rFire    . . .     SeeInvis .   a - +0 war axe
rCold    + . .     Gourm    .   c - +1 shield
rNeg     + . .     Faith    .   b - +0 scale mail
rPois    .         Spirit   .   (helmet restricted)
rElec    .         Reflect  .   (no cloak)
rCorr    .         Harm     .   (no gloves)
MR       .....                  (no boots)
Stlth    ..........             (no amulet)
HPRegen  0.19/turn              i - ring of positive energy
MPRegen  0.10/turn              h - ring of protection from cold

@: no status effects
A: retaliatory headbutt, horns 2
a: no special abilities


You were on level 5 of the Dungeon.
You were hungry.

You visited 1 branch of the dungeon, and saw 5 of its levels.

You collected 174 gold pieces.

Inventory:

Hand Weapons
 a - a +0 war axe (weapon)
 m - a +0 spear
Missiles
 s - 41 bolts
Armour
 b - a +0 scale mail (worn)
 c - a +1 shield (worn)
Jewellery
 h - a ring of protection from cold (right hand)
 i - a ring of positive energy (left hand)
Wands
 g - a wand of random effects (21/48)
Scrolls
 n - 2 scrolls of identify
 q - a scroll of teleportation
 r - 2 scrolls of remove curse
Potions
 d - 3 potions of might
 j - a potion of berserk rage {unknown}
 l - a potion of haste {unknown}
 u - 2 potions of lignification
 w - 2 potions of curing
Comestibles
 f - 4 bread rations
 o - a meat ration


   Skills:
 - Level 3.6 Fighting
 * Level 7.0 Axes
 + Level 1.1 Throwing
 + Level 4.7 Armour
 + Level 4.5 Dodging
 + Level 4.7 Shields


You had 6 spell levels left.
You didn't know any spells.

Dungeon Overview and Level Annotations

Branches:
Dungeon (5/15)
 Temple: D:4-7

Altars:
Cheibriados
Makhleb
Okawaru
Sif Muna
Yredelemnul
Zin

Shops:
D:4 (

Annotations:
D:5 Blork the orc; Edmund; rin1221's ghost, amateur MiHu


Innate Abilities, Weirdness & Mutations

You reflexively headbutt those who attack you in melee.
You have a pair of horns on your head.


Message History

Your shield prevents you from hitting the ogre.
Blork the orc shouts!
The centaur hits you!
* * * LOW HITPOINT WARNING * * *
You block the ogre's attack. You block the orc's attack.
The orc wizard casts a spell.
The orc wizard flickers and vanishes!
Deactivating autopickup; reactivate with Ctrl-A.
The centaur misses you.
Blork the orc screams, "I'll make a cloak from your skin!"
It was a potion of cancellation.
You feel magically purged. The centaur hits you.
* * * LOW HITPOINT WARNING * * *
You block the leopard gecko's attack. The orc hits you with a short sword.
* * * LOW HITPOINT WARNING * * *
You hear some strange, mumbled words.
The ogre completely misses you.
The leopard gecko bites you but does no damage.
The centaur hits you.
You die...

###.# ..@.###
.s.....
##########{o.....
#.......(..<....>
#.......(........
#.$.....(o#..=..
#$...!.oOc# s...
#.......o@# ...
#.......l(# ..
#......<..# .
########..# ##.#
#.(. ###W. ....
.##


You could see Edmund (wandering), Blork the orc, an ogre, a centaur, a scorpion,
3 orcs and a leopard gecko.

Vanquished Creatures
  2 ogres (D:4)
  A scorpion (D:5)
  A howler monkey (D:4)
  An orc wizard (D:4)
  3 iron imps (D:3)
  2 orc priests (D:4)
  2 iguanas (D:4)
  2 worker ants (D:4)
  A hound skeleton (D:4)
  6 adders
  An adder zombie (D:3)
  4 worms
  A dart slug (D:1)
  A leopard gecko (D:3)
  10 orcs
  5 giant cockroaches
  3 goblins
  9 hobgoblins
  2 jackals (D:3)
  A quokka (D:4)
  11 bats
  3 frilled lizards
  4 kobolds
  4 rats
80 creatures vanquished.

Notes
Turn   | Place    | Note
-------+----------+-------------------------------------------
     0 | D:1      | rin1221 the Minotaur Fighter began the quest for the Orb.
     0 | D:1      | Reached XP level 1. HP: 19/19 MP: 0/0
     6 | D:1      | You fall through a shaft!
    19 | D:2      | Reached skill level 3 in Axes
    19 | D:2      | Reached XP level 2. HP: 26/26 MP: 1/1
    58 | D:2      | Reached skill level 1 in Dodging
   279 | D:1      | Reached XP level 3. HP: 31/31 MP: 2/2
  1314 | D:3      | Found an iron altar of Okawaru.
  1439 | D:3      | Reached skill level 4 in Axes
  1534 | D:3      | Found a burning altar of Makhleb.
  1566 | D:3      | Reached XP level 4. HP: 26/39 MP: 3/3
  1575 | D:3      | Reached skill level 5 in Axes
  1575 | D:3      | Reached XP level 5. HP: 31/45 MP: 4/4
  2335 | D:4      | Noticed an ogre
  2345 | D:4      | Killed an ogre
  2359 | D:4      | Reached XP level 6. HP: 44/51 MP: 5/5
  2421 | D:4      | Reached skill level 6 in Axes
  2604 | D:4      | Found Etorawk Ikhla's Weapon Boutique.
  2994 | D:4      | Reached XP level 7. HP: 21/57 MP: 6/6
  3227 | D:4      | Reached skill level 1 in Throwing
  3234 | D:4      | Found a deep blue altar of Sif Muna.
  3478 | D:4      | Found a basalt altar of Yredelemnul.
  3561 | D:4      | Found a snail-covered altar of Cheibriados.
  3573 | D:4      | Found a glowing silver altar of Zin.
  3878 | D:5      | Entered Level 5 of the Dungeon
  3889 | D:5      | Reached skill level 7 in Axes
  3893 | D:5      | Noticed Edmund
  3897 | D:5      | Noticed rin1221's ghost (amateur MiHu)
  3908 | D:5      | Noticed Blork the orc
  3909 | D:5      | Slain by a centaur

Vault maps used:
D:1:      saegor_arrival_simple_f, minmay_misc_feat_four_crosses, st_stairs_13,
          hangedman_abyss_or_decor_lesser_grid, kennysheep_crisscross,
          minmay_pentomino_u2
D:3:      demons_altar, marbit_many_paths
D:4:      nicolae_overflow_quartered_altars, first_bread, serial_shops, shop
D:5:      cheibrodos_sewer_entry_bend, uniq_edmund, uniq_blork_the_orc,
          uniq_sigmund

Skill      XL: |  1  2  3  4  5  6  7 |
---------------+----------------------+-----
Axes           | 3 4 5 6 7 |  7.0
Dodging        | 1 2 3 4 |  4.5
Armour         | 4 |  4.7
Shields        | 4 |  4.7
Throwing       | 1 |  1.1
Fighting       | |  3.6

Action                   |  1- 3 |  4- 6 |  7- 9 || total
-------------------------+-------+-------+-------++-------
Melee: War axe           |    82 |    86 |    38 ||   206
       Headbutt          |    14 |    16 |     8 ||    38
  Use: Scroll            |       |       |    10 ||    10
       Potion            |       |       |     2 ||     2
  Eat: Chunk             |     2 |     5 |     2 ||     9
Armor: Scale mail        |    45 |    28 |    13 ||    86
Dodge: Dodged            |    22 |    29 |    20 ||    71
Block: Shield            |    44 |    37 |    26 ||   107

Table legend:
 A = Spawn XP
 B = Non-spawn XP
 C = Spawn XP percentage of total XP
 D = Spawn monster count
 E = Non-spawn monster count
 F = Spawn count percentage of total count
 G = Total turns spent on level
                    A         B        C        D         E        F      G
               +---------+---------+-------+---------+---------+-------+---------
         Total |       0 |     973 |   0.0 |       0 |      80 |   0.0 |  3909
               +---------+---------+-------+---------+---------+-------+---------
           D:1 |       0 |      25 |   0.0 |       0 |      15 |   0.0 |   742
           D:2 |       0 |      42 |   0.0 |       0 |      10 |   0.0 |   525
           D:3 |       0 |     172 |   0.0 |       0 |      28 |   0.0 |  1063
           D:4 |       0 |     638 |   0.0 |       0 |      23 |   0.0 |  1548
           D:5 |       0 |      96 |   0.0 |       0 |       4 |   0.0 |    31
               +---------+---------+-------+---------+---------+-------+---------
